cohdb
Replays
Latest Replays
All Replays
Popular Replays
Top Player Replays
Match Explorer
How It Works
Community
CoH3 Stats
Reddit
Sign in to upload your games and track your stats! →
Sign in with Steam
Match 45257877
Unlisted
Match 45257877
Overview
Messages
Build Orders
End
Kradschützen Motorcycle Team
Selects Battlefield Espionage Battlegroup
Panzergrenadier Squad
Panzergrenadier Squad
Panzergrenadier Squad
Selects Intel Disruption Beacon
Construct Light Support Kompanie
Fire Support Elements
Flakvierling Half-track
Pak 38 Anti-tank Gun Team
Selects Plunder
Vehicle Survival Package
Veteran Squad Leaders
Construct Panzerarmee Kommand
Selects 250/3 Funkpanzerwagen
Emergency Repair Kits
Panzer III L Medium Tank
Selects Anti-Tank Incendiary Munitions
Panzer III L Medium Tank
Rapid Advance
Selects Operation Skorpion
Panzer III L Medium Tank
Operation Skorpion
Panzer III L Medium Tank
*Mule
FeriG
BALCK_9
K. Ronaldo
0
0
Comments
sign in to comment!
No comments posted yet!